 Dungeon Crawl Stone Soup version 0.30-b1-2-g02819fbbbe (webtiles) character file.

Game seed: 6925590614664646862

3 dorian the Shield-Bearer (level 1, 18/18 HPs)
             Began as a Formicid Fighter on May 18, 2023.
             Was a Follower of Vehumet.
             Quit the game on level 1 of the Dungeon.
             The game lasted 00:00:18 (165 turns).

dorian the Shield-Bearer (Formicid Fighter)          Turns: 165, Time: 00:00:19

Health: 18/18      AC:  6    Str: 20    XL:     1   Next: 55%
Magic:  1/1        EV:  9    Int:  7    God:    Vehumet [*.....]
Gold:   0          SH:  5    Dex: 13    Spells: 0/0 levels left

rFire   . . .        a - +0 war axe
rCold   . . .        c - +0 buckler
rNeg    . . .        b - +0 scale mail
rPois   .            (helmet unavailable)
rElec   .            (no cloak)
rCorr   .            (no gloves)
SInv    +            (no boots)
Will    .....        (no amulet) Stlth
                     (no ring)
HPRegen 0.23/turn    (no ring)
MPRegen 0.07/turn

%: no passive effects
@: no status effects
A: permanent stasis, dig shafts and tunnels, antennae 3, four strong arms
a: Dig, Shaft Self, Renounce Religion


You were on level 1 of the Dungeon.
You worshipped Vehumet.
Vehumet was aware of your devotion.
You visited 1 branch of the dungeon, and saw 1 of its levels.

Inventory:

Hand Weapons
 a - a +0 war axe (weapon)
Armour
 b - a +0 scale mail (worn)
 c - a +0 buckler (worn)
Potions
 d - a potion of might


   Skills:
 + Level 3.3 Fighting
 * Level 2.1 Axes
 + Level 3.3 Armour
 + Level 4.0 Shields


You couldn't memorise any spells.
You didn't know any spells.
Your spell library contained the following spells:

 Spells                   Type           Power      Damage    Failure   Level
 Sandblast                Erth           0%         2d4       86%         1
 Leda's Liquefaction      Hex/Erth       0%         N/A       100%        4
 Lee's Rapid Deconstruct  Erth           0%         3d4*      100%        5
 Statue Form              Tmut/Erth      0%         N/A       100%        6


Dungeon Overview and Level Annotations

Branches:
Dungeon (1/15)

Altars:
Vehumet


Innate Abilities, Weirdness & Mutations

You cannot be hasted, slowed, berserked, paralysed or teleported.
You can dig through walls and to a lower floor.
You have a pair of large antennae on your head. (SInv)
Your four strong arms can wield two-handed weapons with a shield.


Message History

A rat is nearby!
A rat is nearby!
The rat barely misses you.
A rat is nearby!
You slash the rat!
You kill the rat!
Found a faded altar of an unknown god.
No target in view!
A frilled lizard comes into view.
The frilled lizard hisses angrily.
A frilled lizard is nearby!
A frilled lizard is nearby!
A frilled lizard is nearby!
The frilled lizard bites you but does no damage.
You closely miss the frilled lizard. The frilled lizard bites you. x2
A frilled lizard is nearby!
You miss the frilled lizard. The frilled lizard closely misses you.
A frilled lizard is nearby!
You barely miss the frilled lizard.
You block the frilled lizard's attack. x2
A frilled lizard is nearby!
You barely miss the frilled lizard. The frilled lizard barely misses you.
A frilled lizard is nearby!
You barely miss the frilled lizard. The frilled lizard closely misses you.
The frilled lizard barely misses you.
A frilled lizard is nearby!
You barely miss the frilled lizard. The frilled lizard bites you.
You miss the frilled lizard. The frilled lizard bites you.
A frilled lizard is nearby!
You slash the frilled lizard!
You kill the frilled lizard!
HP restored.
Found a sling.
No target in view!
There is a faded altar of an unknown god here.
This altar belongs to (a) Vehumet, (b) Okawaru or (c) Qazlal, but you can't tell which.
Press the corresponding letter to learn more about a god, or press enter to convert or escape to cancel.
Vehumet accepts your prayer! Vehumet welcomes you!
You can now gain magical power from killing.
Vehumet offers you knowledge of Sandblast.
Are you sure you want to abandon this character and quit the game? (Confirm with "yes".)

### ##.## #.#.##
##########.#########
###..@..#####.........
####.........####.######.
...............###.## #.
....................####.
...###..........†.......
.# #.########..........
#.# ###........ #.#
###.....# #.# ##+#######


There were no monsters in sight!

Vanquished Creatures
  A hobgoblin (D:1)
  A bat (D:1)
  A frilled lizard (D:1)
  A rat (D:1)
4 creatures vanquished.

Notes
Turn   | Place    | Note
-------+----------+-------------------------------------------
     0 | D:1      | dorian the Formicid Fighter began the quest for the Orb.
     0 | D:1      | Reached XP level 1. HP: 18/18 MP: 1/1
    90 | D:1      | Found a faded altar of an unknown god.
   164 | D:1      | Prayed at the altar of an unknown god.
   164 | D:1      | Became a worshipper of Vehumet
   164 | D:1      | Reached * piety under Vehumet
   164 | D:1      | Offered knowledge of Sandblast by Vehumet.
   165 | D:1      | Quit the game

Illustrated notes

Levels and vault maps discovered:
D:1:      roderic_dead_forest, layout_loops_corners,
          hellmonk_ecumenical_altar_zigzags

Action                     || total
---------------------------++-------
  Melee: War axe           ||    12
 Armour: Scale mail        ||     1
  Dodge: Dodged            ||     7
  Block: Buckler           ||     3
